 Dungeon Crawl Stone Soup version 0.31-a0-1163-gcee99d1eea (webtiles) character file.

Game seed: 15845603458813733933

1260 James the Ruffian (level 8, -1/52 HPs)
             Began as an Octopode Shapeshifter on Dec 9, 2023.
             Was an Initiate of Gozag.
             Slain by an orc
             ... wielding a +0 trident
              (8 damage)
             ... in a bailey.
             The game lasted 00:15:30 (5998 turns).

James the Ruffian (Octopode Shapeshifter)           Turns: 5998, Time: 00:15:31

Health: -1/52      AC:  1    Str: 15    XL:     8   Next: 52%
Magic:  17/17      EV: 13    Int: 13    God:    Gozag
Gold:   447        SH:  0    Dex: 11    Spells: 7/7 levels left

rFire   . .          .
                       - Unarmed
rCold   + . .        (no shield)
rNeg    . . .        (helmet currently unavailable)
rPois   .            (no amulet)
rElec   .            o - ring of protection from cold
rCorr   .            i - ring of magical power
SInv    .            (no ring)
Will    .....        (no ring)
Stlth   ++           (no ring)
HPRegen 0.28/turn    (no ring)
MPRegen 0.15/turn    (no ring)
                     (no ring)

%: no passive effects
@: beast-form, gold aura
A: beast (slay +3), almost no armour, amphibious, 8 rings, camouflage 1,
gelatinous body 1, (nimble swimmer 1), tentacles
a: Begin Untransformation, Renounce Religion, Potion Petition, Call Merchant,
Bribe Branch


You were in a bailey.
You worshipped Gozag.
Gozag was aware of your devotion.
You were a hulking beast.
You visited 2 branches of the dungeon, and saw 8 of its levels.
You also visited: Bailey.

You collected 506 gold pieces.
You paid 59 gold pieces to Gozag.

Inventory:

Hand Weapons
 b - a +2 sling of flaming
   (You took it off a goblin on level 3 of the Dungeon)
 r - a +0 dagger of electrocution
   (You took it off a goblin on level 3 of the Dungeon)
Armour
 k - a +2 hat
   (You found it on level 1 of the Dungeon)
 n - an orb of wrath
   (You found it on level 3 of the Dungeon)
Magical Staves
 d - a staff of fire
   (You found it on level 4 of the Dungeon)
 w - a staff of fire
   (You found it on level 6 of the Dungeon)
Jewellery
 i - a ring of magical power (right tentacle)
   (You found it on level 4 of the Dungeon)
 o - a ring of protection from cold (left tentacle)
   (You found it on level 3 of the Dungeon)
 v - a ring of resist corrosion
   (You found it on level 6 of the Dungeon)
 y - a ring of flight
   (You took it off Blork the orc on level 6 of the Dungeon)
Talismans
 c - a flux talisman
 p - a beast talisman
 z - a blade talisman
   (You found it on level 6 of the Dungeon)
Wands
 l - a wand of light (24)
   (You found it on level 5 of the Dungeon)
 t - a wand of flame (14)
   (You found it on level 4 of the Dungeon)
 A - a wand of polymorph (12)
   (You found it on level 6 of the Dungeon)
Scrolls
 m - 2 scrolls of teleportation {@r4}
 B - a scroll of vulnerability {!r}
Potions
 a - 5 potions of lignification {!q}
 e - 2 potions of enlightenment
 f - a potion of haste {unknown}
 g - 2 potions of resistance
 h - a potion of berserk rage {unknown}
 j - a potion of mutation {unknown}
 q - a potion of curing {@q1}
 s - a potion of brilliance {unknown}
 x - 2 potions of might {unknown}


   Skills:
 - Level 3.0 Fighting
 - Level 3.0 Dodging
 - Level 7.0 Unarmed Combat
 + Level 6.9 Shapeshifting


You had 7 spell levels left.
You didn't know any spells.
Your spell library contained the following spells:

 Spells                   Type           Power      Damage    Failure   Level
 Kiss of Death            Conj/Necr      0%         2d5       30%         1
 Confusing Touch          Hex            0%         N/A       67%         3
 Dispel Undead            Necr           0%         3d6       97%         4


Dungeon Overview and Level Annotations

Branches:
Dungeon (7/15)             Temple (1/1) D:5          Bailey (1/1)

Altars:
Cheibriados
Dithmenos
Elyvilon
Fedhas
Gozag
Kikubaaqudgha
Nemelex Xobeh
Okawaru
Qazlal
Sif Muna
Trog
Vehumet
Xom
Zin
The Shining One

Annotations:
D:2 exclusion: gnoll
D:6 2 transporters


Innate Abilities, Weirdness & Mutations

You are a hulking beast.
Your limbs bulge with bestial killing power. (Slay +3)
You cannot wear most types of armour.
You are amphibious.
You can wear up to eight rings at the same time.
Your skin changes colour to match your surroundings (Stealth+).
Your rubbery body absorbs attacks. (AC +1, EV +1)
((You are camouflaged when in or above water. (Stealth+)))
You have tentacles for arms and can constrict up to eight enemies at once.


Message History

* * * LOW HITPOINT WARNING * * *
There is a fountain of clear blue water here.
You enter the deep water.
Found 17 gold pieces.
Found 10 gold pieces.
The hobgoblin throws a javelin.
The javelin barely misses you.
You enter the deep water.
The hobgoblin hits you with a +0 trident.
* * * LOW HITPOINT WARNING * * *
You completely miss the hobgoblin. You grab the hobgoblin.
You constrict the hobgoblin.
The hobgoblin hits you with a +0 trident.
* * * LOW HITPOINT WARNING * * *
You completely miss the hobgoblin.
You constrict the hobgoblin, but do no damage.
The hobgoblin closely misses you.
Unknown command.
You tentacle-slap the hobgoblin but do no damage.
You constrict the hobgoblin, but do no damage.
The orc hits you from afar with a +0 spear.
* * * LOW HITPOINT WARNING * * *
The hobgoblin barely misses you.
You bludgeon the hobgoblin!
You kill the hobgoblin!
The centaur returns to its original shape as it dies.
The orc closely misses you.
Unknown command.
The orc is distracted by your dazzling golden aura.
The orc is distracted by your dazzling golden aura.
You enter the deep water.
The orc is no longer distracted by gold. x2
The orc shouts!
You hear a shout!
The orc hits you with a +0 spear.
* * * LOW HITPOINT WARNING * * *
You tentacle-slap the orc. You grab the orc. You constrict the orc.
You tentacle-slap the orc.
You kill the orc!
The orc is distracted by your dazzling golden aura. x2
The orc closely misses you.
The orc is no longer distracted by gold.
The orc hits you with a +0 trident!
* * * LOW HITPOINT WARNING * * *
The orc shouts!
Things that are here:
7 gold pieces; a +0 spear; a +0 chain mail The orc shouts!
You bludgeon the orc!
You kill the orc!
The orc hits you with a +0 trident!
You die...
Your body crumbles into a pile of gold.

#########
##≈≈≈≈≈≈≈##
##≈≈≈$$h≈≈≈##
#≈≈⌠$.o..⌠≈≈####
≈≈≈≈.........≈≈≈≈#
......≈≈≈≈≈......#
.....≈≈.o.≈≈.....#
..≈.≈≈.≈.≈.≈≈.≈..+
.≈≈.≈.≈≈.≈≈.≈$≈≈.#
≈.≈≈.≈...≈.≈≈.≈.#
≈.≈.≈≈...≈≈.≈.≈.#


You could see 2 orcs.

Vanquished Creatures
  A water moccasin (D:5)
  A black bear (D:6)
  An orc warrior (D:7)
  An ogre (D:4)
  A phantom (D:4)
  Blork the orc (D:6)
  A bullfrog (D:6)
  A wight (D:7)
  4 hounds
  A jelly (D:5)
  An orc priest (D:7)
  3 iguanas (D:5)
  2 orc wizards
  Robin (D:3)
  4 gnolls
  10 adders
  2 ufetubi (D:6)
  A worm (D:2)
  2 dart slugs
  25 orcs
  6 ball pythons (D:1)
  10 bats
  9 endoplasms
  4 giant cockroaches
  13 hobgoblins
  6 jackals (D:1)
  4 kobolds
  4 quokkas
  5 frilled lizards
  19 goblins
  6 rats
150 creatures vanquished.

Notes
Turn   | Place    | Note
-------+----------+-------------------------------------------
     0 | D:1      | James the Octopode Shapeshifter began the quest for the
                  | Orb.
     0 | D:1      | Reached XP level 1. HP: 13/13 MP: 1/1
    99 | D:1      | Reached XP level 2. HP: 12/18 MP: 2/2
   154 | D:1      | Reached skill level 4 in Unarmed Combat
   231 | D:1      | Reached XP level 3. HP: 20/23 MP: 3/3
   772 | D:2      | Reached XP level 4. HP: 28/28 MP: 4/4
  1021 | D:2      | Reached skill level 5 in Unarmed Combat
  1234 | D:3      | Found an iron altar of Okawaru.
  1409 | D:3      | Noticed Robin
  1487 | D:3      | Reached XP level 5. HP: 28/33 MP: 5/5
  1566 | D:3      | Killed Robin
  2140 | D:2      | Reached skill level 6 in Unarmed Combat
  2572 | D:4      | Noticed an ogre
  2686 | D:4      | Reached XP level 6. HP: 34/38 MP: 6/6
  3267 | D:4      | Reached skill level 5 in Shapeshifting
  3267 | D:4      | Reached XP level 7. HP: 32/45 MP: 7/7
  3480 | D:5      | Entered Level 5 of the Dungeon
  3545 | D:5      | Found a staircase to the Ecumenical Temple.
  3552 | Temple   | Entered the Ecumenical Temple
  3559 | Temple   | Became a worshipper of Gozag Ym Sagoz the Greedy
  4338 | D:6      | Noticed Blork the orc
  4607 | D:6      | HP: 3/69 [something/magic dart (3)]
  4610 | D:6      | Reached skill level 7 in Unarmed Combat
  4853 | D:6      | Found a transporter.
  4895 | D:6      | Found a transporter.
  4950 | D:6      | Killed Blork the orc
  4951 | D:6      | Reached XP level 8. HP: 47/52 MP: 8/8
  5743 | D:7      | Found a flagged portal.
  5937 | Bailey   | Entered a bailey
  5998 | Bailey   | Slain by an orc

Illustrated notes

Levels and vault maps discovered:
D:1:      nicolae_arrival_washed_ashore, layout_rooms
D:2:      layout_basic
D:3:      layout_rooms, mainiacjoe_overflow_catwalk, roderic_serpentine_path,
          serial_bayou_pond_b, minivault_4, uniq_robin
D:4:      layout_gridville
D:5:      layout_basic, minmay_temple_entry_statues_pillars
D:6:      gammafunk_steamed_eel, layout_cave_pools, uniq_blork_the_orc
D:7:      layout_cave_pools, nicolae_overflow_squiral, enter_bailey_5,
          grunt_ministairs_4
Temple:   nicolae_temple_superstar
Bailey:   bailey_polearm_flooded_kennysheep, bailey

Skill      XL: |  1  2  3  4  5  6  7  8 |
---------------+-------------------------+-----
Unarmed Combat | 4 5 6 7 |  7.0
Shapeshifting  | 5 6 |  6.9
Fighting       | 2 3 |  3.0
Dodging        | 3 |  3.0

Action                     |  1- 3 |  4- 6 |  7- 9 || total
---------------------------+-------+-------+-------++-------
  Melee: Unarmed           |    76 |   104 |    69 ||   249
         Constrict         |    23 |    19 |    15 ||    57
         Tentacles         |     8 |    13 |     6 ||    27
         Punch             |     2 |     4 |     1 ||     7
   Fire: Sling             |       |    49 |    74 ||   123
  Evoke: Wand              |       |       |     2 ||     2
    Use: Scroll            |       |     6 |     7 ||    13
         Potion            |       |       |     2 ||     2
   Stab: Sleeping          |     5 |     2 |     1 ||     8
 Armour: Skin              |    31 |    43 |    90 ||   164
  Dodge: Dodged            |    53 |    61 |    54 ||   168

Table legend: (Time is in decaauts)
 A = Elapsed time spent in this place.
 B = Non-inter-level travel time spent in this place.
 C = Inter-level travel time spent in this place.
 D = Time resting spent in this place.
 E = Time spent auto-exploring this place.
 F = Levels seen in this place.
 G = Mean time per level.
                   A        B        C        D        E       F      G
               +--------+--------+--------+--------+--------+-----+--------+
         Total |   6003 |   5574 |    429 |    757 |   3378 |   9 |  667.0 |
       Dungeon |   5928 |   5505 |    423 |    757 |   3378 |   7 |  846.9 |
        Temple |     14 |      8 |      6 |      0 |      0 |   1 |   14.0 |
        Bailey |     60 |     60 |      0 |      0 |      0 |   1 |   60.0 |
               +--------+--------+--------+--------+--------+-----+--------+

Top non-repeatable levels by time:
     D:6: 1276 daAuts
     D:3: 1058 daAuts
     D:5: 966 daAuts
     D:4: 935 daAuts
     D:2: 867 daAuts
     D:1: 633 daAuts
     D:7: 191 daAuts
  Bailey: 60 daAuts
  Temple: 14 daAuts
